Unix NetHack Version 5.0.0-0 post-release - last build May 23 2026 06:08:33 (1c0ff79ee797540d5714e4e18072db0edd9e58ae,branch:main).

Game began 2026-05-25 23:32:53, ended 2026-05-25 23:52:45.

Doran, lawful male human Samurai

                                                                        -----
                                                                        |<..|
                                             ------- ---              ##....|
                                              .....   .|               #|...|
                                           ----..-----.|               #-----
                                           |..-..|.(.|.|              ##
                                           |..|..-.((|.|             ###
                                           |--|..|.(.|.|         ##### #
                                        |  |..|.-----|.|         #
                                  --- - |@ |..|.-....|.|   #######
                        |      -+--..{. -|-|..|)|.._.|(|   #
                        |.......o.........@-|--%|....|.|   #
                        | ------+- ----- -o....)|....|.|#  #
                                         -|----.-----|.|####
                                         |@   |..|...-..##
                                         |.   |..|...|.|#
                        | --+-----    ---------..-----.|
                        |..............................|
                        --------------------------------

Doran the Ninja        St:17 Dx:14 Co:18 In:9 Wi:5 Ch:7  Lawful S:1659
Dlvl:5  $:3  HP:0(71) Pw:18(18) AC:4  Xp:6 T:1642 

Latest messages:
 The gnome king vanishes!
 The Uruk-hai wields an orcish bow!
 The orcish bow welds itself to the Uruk-hai's hand!
 The Uruk-hai shoots 2 poisoned orcish arrows!
 You are hit by the 1st poisoned orcish arrow.
 You are hit by the 2nd poisoned orcish arrow!
 The Uruk-hai wields an orcish bow!
 There is nothing here to pick up.
 The Uruk-hai shoots 2 poisoned orcish arrows!
 The 1st poisoned orcish arrow hits the Uruk-hai.
 The poison doesn't seem to affect the Uruk-hai.
 The 2nd poisoned orcish arrow hits the Uruk-hai.
 The poison doesn't seem to affect the Uruk-hai.
 You hit the Uruk-hai.
 You hit the Uruk-hai!
 The Uruk-hai tries to wield an orcish short sword.
 The Uruk-hai's orcish bow is welded to her hand!
 You kill the Uruk-hai!
 The Uruk-hai shoots 2 poisoned orcish arrows!
 The 1st poisoned orcish arrow misses you.
 You are hit by the 2nd poisoned orcish arrow.
 There are several objects here.
 The Uruk-hai shoots 2 poisoned orcish arrows!
 You are hit by the 1st poisoned orcish arrow.
 You are hit by the 2nd poisoned orcish arrow.
 The Uruk-hai wields an orcish short sword!
 You hit the Uruk-hai.
 The Uruk-hai thrusts her orcish short sword.
 The Uruk-hai hits!
 You hit the Uruk-hai.
 The Uruk-hai thrusts her orcish short sword.
 The Uruk-hai hits!
 You hit the Uruk-hai.
 The Uruk-hai turns to flee.
 The Uruk-hai shoots 2 poisoned orcish arrows!
 The 1st poisoned orcish arrow misses you.
 You are hit by the 2nd poisoned orcish arrow.
 The Uruk-hai wields an orcish short sword!
 You miss the Uruk-hai.
 The Uruk-hai thrusts her orcish short sword.
 The Uruk-hai misses!
 You hit the Uruk-hai!
 The Uruk-hai thrusts her orcish short sword.
 The Uruk-hai misses!
 You hit the Uruk-hai.
 The Uruk-hai thrusts her orcish short sword.
 The Uruk-hai hits!
 You die...
 Do you want your possessions identified? [ynq] (y) y
 Do you want to see your attributes? [ynq] (y) q

Inventory:
 Coins    ('$')
  $ - 3 gold pieces
 Weapons  (')')
  u - 27 +0 arrows
  d - 29 +0 ya (in quiver)
  c - a +0 yumi
  a - a +0 katana (weapon in right hand)
  b - a +0 wakizashi (alternate weapon; not wielded)
 Armor    ('[')
  L - an uncursed +0 cornuthaum
  l - a cursed -3 pair of levitation boots
  e - a blessed rustproof +0 splint mail (being worn)
 Comestibles  ('%')
  z - an uncursed fortune cookie
  n - 4 uncursed gunyoki
  E - 3 uncursed pancakes
  x - an uncursed tripe ration
  I - an uncursed homemade tin of gecko meat
  J - an uncursed lichen corpse
 Scrolls  ('?')
  G - an uncursed scroll of enchant armor
  C - an uncursed scroll of stinking cloud
 Spellbooks  ('+')
  j - an uncursed spellbook of chain lightning
 Potions  ('!')
  K - an uncursed potion of healing
  i - an uncursed potion of paralysis
  B - an uncursed potion of restore ability
 Tools    ('(')
  F - a drum of earthquake (0:5)
  O - an uncursed blindfold
  N - an uncursed osaku
  M - a cursed tallow candle
  s - an uncursed tin opener
 Gems/Stones  ('*')
  y - 2 uncursed jade stones
  H - 2 uncursed worthless pieces of blue glass
  r - an uncursed worthless piece of green glass
  D - 4 uncursed worthless pieces of red glass
  t - a cursed worthless piece of red glass
  f - an uncursed worthless piece of violet glass
  k - 2 uncursed worthless pieces of white glass
  v - 3 uncursed worthless pieces of yellowish brown glass
  w - a cursed worthless piece of yellowish brown glass

Doran the Samurai's attributes:

Background:
 You were a Ninja, a level 6 male human Samurai.
 You were lawful, on a mission for Amaterasu Omikami
 who was opposed by Raijin (neutral) and Susanowo (chaotic).
 You were right-handed.
 You were in the Gnomish Mines, on level 5.
 You entered the dungeon 1642 turns ago.
 It was nighttime.
 You had 354 experience points, 286 more were needed to attain level 7.
 Your score was 1659 before end-of-game adjustments.

Basics:
 You had 0 out of 71 hit points.
 You had all 18 energy points (spell power).
 Your armor class was 4.
 Your wallet contained 3 zorkmids.
 Autopickup was on for '$"?/=+!*' plus thrown, with exceptions.

Final Characteristics:
 Your strength was 17 (limit:18/100).
 Your dexterity was 14 (limit:18).
 Your constitution was 18 (limit:18).
 Your intelligence was 9 (limit:18).
 Your wisdom was 5 (peak:10, limit:18).
 Your charisma was 7 (limit:18).

Final Status:
 You weren't hungry.
 You were unencumbered.
 You were wielding a long sword.
 You had basic skill with long sword and could have enhanced that.

Final Attributes:
 You were devoutly aligned.
 You were warded.
 You were fast.
 You are dead.

Miscellaneous:
 You didn't encounter any bones levels.
 Total elapsed playing time was 19 minutes and 51 seconds.

Major events:
 Turn
    1: Doran the lawful male human Samurai entered the dungeon
  453: entered the Gnomish Mines
  682: attained the rank of Ronin (level 3)
 1505: reached Mine Town
 1562: attained the rank of Ninja (level 6)
 1642: killed by an Uruk-hai

You didn't know any spells.

Skills:
 Fighting Skills
   martial arts      [Basic]
   two weapon combat [Unskilled]
   riding            [Unskilled]
 Weapon Skills
   dagger            [Unskilled]
   knife             [Unskilled]
   short sword       [Basic]
   broadsword        [Unskilled]
   long sword        [Basic]
   two-handed sword  [Unskilled]
   saber             [Unskilled]
   flail             [Unskilled]
   quarterstaff      [Unskilled]
   polearms          [Unskilled]
   spear             [Unskilled]
   lance             [Unskilled]
   bow               [Basic]
   shuriken          [Unskilled]
 Spellcasting Skills
   attack spells     [Unskilled]
   divination spells [Unskilled]
   clerical spells   [Unskilled]

Voluntary challenges:
 Character rerolling was not enabled.
 You never genocided any monsters.
 You never polymorphed an object.
 You never changed form.
 You used no wishes.
Achievements:
 You entered the Gnomish Mines.
 You attained the rank of Ronin.
 You entered Minetown.
 You entered a temple.
 You attained the rank of Ninja.
 You entered a shop.

 The Dungeons of Doom: levels 1 to 3
    Level 1:
    Level 2:
       An altar, a fountain.
       Stairs down to The Gnomish Mines.
    Level 3:
 The Gnomish Mines: levels 3 to 5
    Level 3:
    Level 4:
    Level 5: <- You were here.
       A tool shop, a temple and an altar, a fountain.
       Final resting place for
          you, killed by an Uruk-hai.


Vanquished creatures:
  a leprechaun
 an Uruk-hai
  7 gnome leaders
  2 gnomish wizards
  2 dwarves
  5 monkeys
 an iguana
  a hobbit
  a giant rat
  a yellow mold
 17 gnomes
  a gecko
  5 jackals
  2 foxes
  a sewer rat
  2 grid bugs
  6 lichens
  7 newts
63 creatures vanquished.

No species were genocided or became extinct.

Game over:
                       ----------
                      /          \
                     /    REST    \
                    /      IN      \
                   /     PEACE      \
                  /                  \
                  |      Doran       |
                  |       3 Au       |
                  |   killed by an   |
                  |     Uruk-hai     |
                  |                  |
                  |                  |
                  |       2026       |
                 *|     *  *  *      | *
        _________)/\\_//(\/(/\)/\//\/|_)_______

Sayonara Doran the Samurai...

You died in The Gnomish Mines on dungeon level 5 with 1659 points,
and 3 pieces of gold, after 1642 moves.
You were level 6 with a maximum of 71 hit points when you died.

